 Dungeon Crawl Stone Soup version 0.31-a0-437-g7cee417757 (webtiles) character file.

Game seed: 14452228935134106525

186 AdnanSaban the Trooper (level 5, -2/34 HPs)
             Began as a Gargoyle Fighter on Aug 1, 2023.
             Slain by Grinder (3 damage)
             ... on level 3 of the Dungeon.
             The game lasted 00:02:30 (2584 turns).

AdnanSaban the Trooper (Gargoyle Fighter)           Turns: 2584, Time: 00:02:31

Health: -2/34      AC: 14    Str: 21    XL:     5   Next: 66%
Magic:  5/5        EV:  8    Int:  9    God:
Gold:   212        SH:  4    Dex:  9    Spells: 4/4 levels left

rFire   . . .        a - +0 flail
rCold   . . .        c - +0 buckler
rNeg    + . .        t - +0 chain mail
rPois   ∞            (no helmet)
rElec   +            (no cloak)
rCorr   .            p - +0 pair of gloves
SInv    .            (no boots)
Will    .....        (no amulet) Stlth
                     (no ring)
HPRegen 0.25/turn    (no ring)
MPRegen 0.09/turn

%: no passive effects
@: no status effects
A: sickness immunity, AC +4, negative energy resistance 1, electricity
resistance, torment resistance 1, petrification resistance
a: no special abilities


You were on level 3 of the Dungeon.
You visited 1 branch of the dungeon, and saw 4 of its levels.

You collected 212 gold pieces.

Inventory:

Hand Weapons
 a - a +0 flail (weapon)
Missiles
 h - 2 poisoned darts
Armour
 c - a +0 buckler (worn)
 p - a +0 pair of gloves (worn)
 t - a +0 chain mail (worn)
Scrolls
 e - 3 scrolls of revelation {unknown}
 i - a scroll of amnesia {unknown}
 k - 2 scrolls of identify {unknown}
 m - a scroll of immolation {unknown}
 o - a scroll of vulnerability {unknown}
 q - a scroll of teleportation {unknown}
 r - a scroll of enchant weapon {unknown}
 s - a scroll of noise {unknown}
Potions
 d - 2 potions of might
 f - 2 potions of enlightenment {unknown}
 g - a potion of ambrosia {unknown}
 j - 2 potions of berserk rage {unknown}
 l - a potion of lignification {unknown}
 n - a potion of attraction {unknown}


   Skills:
 + Level 4.4 Fighting
 + Level 3.5 Maces & Flails
 + Level 4.3 Armour
 + Level 0.8 Dodging
 + Level 3.9 Shields


You had 4 spell levels left.
You didn't know any spells.
Your spell library contained the following spells:

 Spells                   Type           Power      Damage    Failure   Level
 Dazzling Flash           Conj/Hex       0%         N/A       100%        3
 Volatile Blastmotes      Fire/Tloc      0%         2d10      100%        3
 Starburst                Conj/Fire      0%         6d3       100%        6
 Maxwell's Capacitive Co  Air            0%         ∞         100%        8


Dungeon Overview and Level Annotations

Branches:
Dungeon (4/15)
 Temple: D:4-7

Altars:

Shops:
D:3 =

Annotations:
D:3 Grinder


Innate Abilities, Weirdness & Mutations

You are immune to sickness and miasma.
Your stone body is resilient. (AC +4)
You are immune to poison.
You resist negative energy. (rN+)
You are resistant to electric shocks. (rElec)
You are resistant to unholy torment.
You are immune to petrification.


Message History

You sock Grinder!
Grinder is severely wounded.
You block Grinder's attack.
You hit Grinder.
Grinder is severely wounded.
Grinder hits you. Grinder gestures at you.
You barely resist. You sock Grinder!
Grinder is almost dead.
Grinder hits you but does no damage.
You barely miss Grinder.
Grinder is almost dead.
Grinder hits you but does no damage.
You barely miss Grinder.
Grinder is almost dead.
You block Grinder's attack.
You closely miss Grinder.
Grinder is almost dead.
Grinder completely misses you. Grinder hits you.
You closely miss Grinder.
Grinder is almost dead.
Grinder gestures at you. Pain shoots through your body!
* * * LOW HITPOINT WARNING * * *
You completely miss Grinder.
Grinder is almost dead.
Grinder hits you but does no damage.
You closely miss Grinder.
Grinder is almost dead.
Grinder says, "What is the universe for?"
Grinder closely misses you.
You barely miss Grinder.
Grinder is almost dead.
Grinder gestures at you. Pain shoots through your body!
* * * LOW HITPOINT WARNING * * *
Grinder says, "There's only one good use for a tongue: cutting it out."
Grinder hits you.
You die...

................>.#
#####..#.###.###.## .#
#..#.# #.# #.#
.####..#.# #.# #.#
.......#.# #.# #.#
######.#.# #.# #.#
.....#.#.# #.# #†#
.....#.#.# #.# #5#
##...#.# ..# #@#
#.#.##.####### #.#
∩##.................@...
#.#..#.#######<#.###...#
##...#.# #.#.# .#
.....#.# # #.# .......#
#.# ####...# ..# #...#
...


You could see Grinder.

Vanquished Creatures
  A hound (D:4)
  Jessica (D:3)
  An orc wizard (D:2)
  3 adders (D:3)
  A worm (D:2)
  3 dart slugs
  2 orcs (D:2)
  13 ball pythons
  7 endoplasms
  3 giant cockroaches (D:1)
  3 goblins
  4 hobgoblins (D:1)
  2 jackals (D:2)
  7 kobolds
  4 quokkas (D:1)
  4 bats
  2 frilled lizards
  3 rats
64 creatures vanquished.

Notes
Turn   | Place    | Note
-------+----------+-------------------------------------------
     0 | D:1      | AdnanSaban the Gargoyle Fighter began the quest for the
                  | Orb.
     0 | D:1      | Reached XP level 1. HP: 14/14 MP: 1/1
    78 | D:1      | Found a large runed translucent door.
    78 | D:1      | Found a large runed translucent door.
   122 | D:1      | Reached XP level 2. HP: 19/19 MP: 2/2
   501 | D:1      | Reached XP level 3. HP: 24/24 MP: 3/3
   517 | D:1      | You fall into a shaft and drop 1 floor!
   880 | D:2      | Reached XP level 4. HP: 18/29 MP: 4/4
  1079 | D:2      | Found a faded altar of an unknown god.
  2368 | D:3      | Reached XP level 5. HP: 25/33 MP: 5/5
  2401 | D:3      | Found Giel's Jewellery Boutique.
  2441 | D:3      | Noticed Grinder
  2441 | D:3      | Noticed Jessica
  2441 | D:3      | Paralysed by Grinder for 3 turns
  2558 | D:3      | Killed Jessica
  2584 | D:3      | HP: 1/34 [Grinder/nerve-wracking pain (6)]
  2584 | D:3      | Slain by Grinder

Illustrated notes

Levels and vault maps discovered:
D:1:      erik_arrival_cave_to_civilisation [erik_arrival_cave_to_temple],
          layout_basic, minmay_door_square, minmay_liquid_box
D:2:      layout_loops_ring, hellmonk_ecumenical_altar_pennies_from_heaven,
          corexii_hall_statues_deadend, dreamdust_wishing_well
D:3:      layout_basic, makhleb_altar_promises_db,
          gammafunk_temple_overflow_elements, serial_shops,
          nicolae_diamond_shop, shop, shop, nicolae_shop_gaudy_bauble,
          uniq_ijyb, uniq_grinder, uniq_jessica
D:4:      layout_rooms, lemuel_coloured_pillars_altar,
          mainiacjoe_overflow_six_doors_small

Skill      XL: |  1  2  3  4 |
---------------+-------------+-----
Fighting       | 4 |  4.4
Armour         | 4 |  4.3
Maces & Flails | 3 |  3.5
Dodging        | |  0.8
Shields        | |  3.9

Action                     |  1- 3 |  4- 6 || total
---------------------------+-------+-------++-------
  Melee: Flail             |    90 |   132 ||   222
 Armour: Scale mail        |    57 |    19 ||    76
         Chain mail        |       |    97 ||    97
  Dodge: Dodged            |    57 |    59 ||   116
  Block: Buckler           |    20 |    32 ||    52

Table legend: (Time is in decaauts)
 A = Elapsed time spent in this place.
 B = Non-inter-level travel time spent in this place.
 C = Inter-level travel time spent in this place.
 D = Time resting spent in this place.
 E = Time spent auto-exploring this place.
 F = Levels seen in this place.
 G = Mean time per level.
                   A        B        C        D        E       F      G
               +--------+--------+--------+--------+--------+-----+--------+
         Total |   2656 |   2564 |     92 |    116 |   1913 |   4 |  664.0 |
       Dungeon |   2656 |   2564 |     92 |    116 |   1913 |   4 |  664.0 |
               +--------+--------+--------+--------+--------+-----+--------+

Top non-repeatable levels by time:
     D:1: 1473 daAuts
     D:2: 861 daAuts
     D:3: 228 daAuts
     D:4: 92 daAuts
